 Dungeon Crawl Stone Soup version 0.14-a0-40-g75911bd (webtiles) character file.

180 PolkaDot the Stinger (level 4, 0/30 HPs)
             Began as a Demonspawn Venom Mage on Sept 28, 2013.
             Killed from afar by an orc wizard (9 damage)
             ... with a magic dart
             ... on Level 3 of the Dungeon.
             The game lasted 00:11:53 (2096 turns).

PolkaDot the Stinger (Demonspawn Venom Mage)        Turns: 2096, Time: 00:11:54

HP   0/30        AC  2     Str  8      XL: 4   Next: 55%
MP   1/7         EV 12     Int 18      God:
Gold 74          SH  0     Dex 13      Spells:  2 memorised,  1 level left

Res.Fire  : . . .   See Invis. : .   d - +0 spear
Res.Cold  : . . .   Warding    : .   a - +0 robe
Life Prot.: . . .   Conserve   : .   (no shield)
Res.Poison: .       Res.Corr.  : .   (helmet restricted)
Res.Elec. : .       Clarity    : .   (no cloak)
Sust.Abil.: . .     Spirit.Shd : .   (no gloves)
Res.Mut.  : .       Stasis     : .   (no boots)
Res.Rott. : .       Flight     : .   (no amulet)
Saprovore : + . .                    (no ring)
                                     (no ring)

@: very slightly contaminated, slightly resistant to hostile enchantments,
unstealthy
A: antennae 1, hooves 1, saprovore 1
a: no special abilities


You were on level 3 of the Dungeon.
You were not hungry.

You visited 1 branch of the dungeon, and saw 3 of its levels.

You collected 54 gold pieces.

Inventory:

Hand weapons
 d - a +0,+0 spear (weapon)
Armour
 a - a +0 robe (worn)
Comestibles
 c - 3 bread rations
 g - 2 sausages
 k - 2 meat rations
 q - 2 rotting chunks of rat flesh
 z - 3 rotting chunks of rat flesh
 A - a cheese
 B - a chunk of adder flesh
Scrolls
 f - 4 scrolls of identify {unknown}
 i - 3 scrolls of remove curse {unknown}
 j - 2 scrolls of enchant weapon II {unknown}
 m - 3 scrolls of teleportation {unknown}
 o - a scroll of magic mapping {unknown}
 s - a scroll of fog {unknown}
 u - a scroll of random uselessness {unknown}
 v - a scroll of curse armour {unknown}
Jewellery
 h - an uncursed amulet of clarity {unknown}
Books
 b - a Young Poisoner's Handbook

   Spells                             Type                      Level
   *Sting                             Conjuration/Poison           1
   Cure Poison                        Poison                       2
   *Mephitic Cloud                    Conjuration/Poison/Air       3
   Olgreb's Toxic Radiance            Poison                       4
   Venom Bolt                         Conjuration/Poison           5


   Skills:
 - Level 1.7 Dodging
 - Level 1.7 Stealth
 + Level 1.4 Spellcasting
 - Level 1.5 Conjurations
 * Level 5.5 Poison Magic


You had one spell level left.
You knew the following spells:

 Your Spells              Type           Power        Failure   Level  Hunger
a - Sting                 Conj/Pois      ##..         6%          1    ##.....
z - Mephitic Cloud        Conj/Pois/Air  #.......     24%         3    ####...


Dungeon Overview and Level Annotations

Branches:
Dungeon (3/27)

Altars:
Ashenzari
Cheibriados


Innate Abilities, Weirdness & Mutations

You have large cloven feet.
You can tolerate rotten meat.
You have a pair of small antennae on your head.


Message History

You feel much better.
The orc wizard gestures at you while chanting.
The magic dart hits you!
You closely miss the orc wizard. Your kick misses the orc wizard.
The orc wizard is lightly wounded.
The orc wizard barely misses you.
You hit the orc wizard but do no damage.
Your kick misses the orc wizard.
The orc wizard is moderately wounded.
The orc wizard barely misses you.
The orc wizard hits you with an orcish mace!
The quokka bites you. The quokka closely misses you.
The orc wizard barely misses you.
The orc wizard looks more healthy.
The quokka bites you.
The orc wizard points at you and mumbles some strange words.
The magic dart hits you!
* * * LOW HITPOINT WARNING * * *
The orc wizard casts a spell at you. The magic dart hits you!
You die...

####### ######
##.....<######....#
.?........).......#
##......#####.._..#
#...... #.....#
#...... #o....#
#.....o #or...#
...... #@....#
....o #.....# ....
#.....# . #.#.###
#.#.# #.#.# #.#.#
#.# ...


You could see an orc wizard, an orc and a quokka.

Vanquished Creatures
  4 adders
  An ooze (D:2)
  An orc (D:3)
  A ball python (D:1)
  4 giant cockroaches (D:1)
  6 goblins
  2 hobgoblins (D:2)
  4 jackals (D:2)
  4 kobolds
  5 bats
  4 giant geckos
  2 giant newts
  A quokka (D:2)
  37 rats
76 creatures vanquished.

Notes
Turn   | Place    | Note
--------------------------------------------------------------
     0 | D:1      | PolkaDot, the Demonspawn Venom Mage, began the quest for the Orb.
     0 | D:1      | Reached XP level 1. HP: 13/13 MP: 3/3
   338 | D:1      | Gained mutation: You have large cloven feet. [demonic ancestry]
   338 | D:1      | Reached XP level 2. HP: 19/19 MP: 0/4
   553 | D:1      | Found a shattered altar of Ashenzari.
  1101 | D:2      | Reached skill level 1 in Conjurations
  1133 | D:2      | Reached XP level 3. HP: 21/24 MP: 5/5
  1343 | D:2      | Reached skill level 5 in Poison Magic
  1445 | D:2      | Gained mutation: You have a pair of small antennae on your head. [potion of beneficial mutation]
  1615 | D:2      | Gained mutation: You can tolerate rotten meat. [demonic ancestry]
  1615 | D:2      | Reached XP level 4. HP: 26/30 MP: 7/7
  2032 | D:2      | Learned a level 3 spell: Mephitic Cloud
  2054 | D:3      | Found a snail-covered altar of Cheibriados.
  2096 | D:3      | Killed from afar by an orc wizard

Action                   |  1- 3 |  4- 6 || total
-------------------------+-------+-------++-------
Melee: Spear             |   122 |    65 ||   187
 Cast: Sting             |    36 |     7 ||    43
       Mephitic Cloud    |       |     1 ||     1
  Use: Potion            |     7 |     2 ||     9
 Stab: Sleeping          |     3 |       ||     3
       Distracted        |       |     1 ||     1
       Confused          |       |     1 ||     1
